cohdb
Replays
Latest Replays
All Replays
Popular Replays
Top Player Replays
Match Explorer
How It Works
Community
CoH3 Stats
Reddit
Sign in to upload your games and track your stats! →
Sign in with Steam
Match 42525629
Unlisted
Match 42525629
Overview
Messages
Build Orders
End
Kradschützen Motorcycle Team
Selects Italian Combined Arms Battlegroup
Selects Bersaglieri Squad
Bersaglieri Squad
Bersaglieri Squad
Construct Light Support Kompanie
MG34 Team
Fire Support Elements
Assault Grenadier Squad
Selects Bersaglieri Bolster
Flakvierling Half-track
Panzerjäger Mechanized Group
2.5-tonne Medical Truck
Selects Breda Model 30 Light Machine Guns
Construct Panzerarmee Kommand
Panzer III L Medium Tank
Selects Semovente da 75/18 Assault Gun
Selects Carro Armato M13/40 Light Tank
Vehicle Survival Package
Tungsten Core Ammunition
Rajoob
BLACK.DRAGON
BIOHAZARD
Sauzer88
0
0
Comments
sign in to comment!
No comments posted yet!